 Dungeon Crawl Stone Soup version 0.23.1 (webtiles) character file.

Game seed: 6628469504848943441

14 Borgoz the Sneak (level 2, 0/20 HPs)
             Began as a Ghoul Enchanter on Mar 14, 2019.
             Slain by a goblin
             ... wielding a +0 dagger
              (2 damage)
             ... on level 1 of the Dungeon.
             The game lasted 00:00:46 (334 turns).

Borgoz the Sneak (Ghoul Enchanter)                   Turns: 334, Time: 00:00:47

Health: 0/20       AC:  2    Str: 11    XL:     2   Next: 45%
Magic:  0/4        EV: 12    Int: 10    God:
Gold:   14         SH:  0    Dex:  9    Spells: 4/5 levels left

rFire    . . .     SeeInvis .   a - +1 dagger
rCold    + . .     Gourm    .   (no shield)
rNeg     + + +     Faith    .   b - +0 robe
rPois    ∞         Spirit   .   (no helmet)
rElec    .         Reflect  .   (no cloak)
rCorr    .         Harm     .   (no gloves)
MR       .....                  (no boots)
Stlth    ++........             (no amulet)
HPRegen  0.00/turn              (no ring)
MPRegen  0.09/turn              (no ring)

@: rotting
A: rotting body, claws 1, carnivore, cold resistance 1, negative energy
resistance 3, inhibited regeneration, torment resistance, unbreathing
a: no special abilities


You were on level 1 of the Dungeon.
You were not hungry.

You visited 1 branch of the dungeon, and saw 1 of its levels.

You collected 14 gold pieces.

Inventory:

Hand Weapons
 a - a +1 dagger (weapon)
Armour
 b - a +0 robe (worn)
Comestibles
 c - 4 chunks of flesh
 d - a ration


   Skills:
 + Level 0.9 Short Blades
 + Level 1.9 Dodging
 + Level 3.6 Stealth
 + Level 2.0 Spellcasting
 + Level 2.6 Hexes


You had 4 spell levels left.
You knew the following spells:

 Your Spells              Type           Power        Failure   Level  Hunger
a - Corona                Hex            #......      11%         1    ##.....

Your spell library contained the following spells:

 Spells                   Type           Power        Failure   Level  Hunger
 Ensorcelled Hibernation  Hex/Ice        #.....       28%         2    ###....
 Confuse                  Hex            #.......     32%         3    ####...
 Tukima's Dance           Hex            #.......     32%         3    ####...
 Dazzling Spray           Conj/Hex       #.....       50%         3    ####...


Dungeon Overview and Level Annotations

Branches:
Dungeon (1/15)

Altars:


Innate Abilities, Weirdness & Mutations

Your body is rotting away.
You thrive on raw meat.
You are immune to poison.
You have sharp fingernails.
You are carnivorous and can eat meat at any time.
Your flesh is cold resistant. (rC+)
You are immune to negative energy. (rN+++)
You do not regenerate when monsters are visible.
You are immune to unholy pain and torment.
You can survive without breathing.


Message History

You barely miss the frilled lizard. The frilled lizard bites you.
* * * LOW HITPOINT WARNING * * *
The goblin barely misses you.
Casting: Corona (safe; 11% risk of failure)
Confirm with . or Enter, or press ? or * to list all spells.
Aiming: Corona (safe; 11% risk of failure)
Press: ? - help, Shift-Dir - straight line, f - goblin, p - frilled lizard
Aim: a goblin, wielding a +0 dagger (chance to defeat MR: 58%)
The goblin is outlined in light.
The bat closely misses you. The frilled lizard bites you.
* * * LOW HITPOINT WARNING * * *
The goblin hits you but does no damage.
You hit the frilled lizard.
The frilled lizard is heavily wounded.
The bat hits you.
* * * LOW HITPOINT WARNING * * *
The frilled lizard bites you.
* * * LOW HITPOINT WARNING * * *
The goblin hits you with a +0 dagger.
You die...

####÷#.#....##.......#
...#.#...#.####...^..#
##...##....#
#....l.###
##....######
###.......# .'....#
#.........# ##....#
#.........# ....###
#...#....## #####
#.gl#.§..# #.)@#.l§.#
#.†.b..### #......#
#......# #......#
#.###### ##


You could see a goblin, a bat and a frilled lizard.

Vanquished Creatures
  An ooze (D:1)
  A leopard gecko (D:1)
  A goblin (D:1)
  2 jackals (D:1)
  2 kobolds (D:1)
  A rat (D:1)
8 creatures vanquished.

Notes
Turn   | Place    | Note
-------+----------+-------------------------------------------
     0 | D:1      | Borgoz the Ghoul Enchanter began the quest for the Orb.
     0 | D:1      | Reached XP level 1. HP: 14/14 MP: 2/2
   151 | D:1      | Reached XP level 2. HP: 12/20 MP: 1/3
   334 | D:1      | Slain by a goblin

Skill      XL: |  1  2 |
---------------+-------+-----
Spellcasting   | 2 |  2.0
Short Blades   | |  0.9
Dodging        | |  1.9
Stealth        | |  3.6
Hexes          | |  2.6

Action                   || total
-------------------------++-------
Melee: Dagger            ||    30
 Cast: Corona            ||     6
 Stab: Sleeping          ||     2
  Eat: Chunk             ||     1
Armor: Robe              ||    12
Dodge: Dodged            ||    34
